Description

Very powerful protoss build order vs terran. We begin with observers for scouting, blink for helping to defend terran early pressures and then transition into a formidable colossus/chargelot army which should safely get you to the mid-game phase!

VOD

https://www.youtube.com/watch?v=XvRoGf3SXRo

Replay - Protoss vs Terran Build Order

Build Order

Get SALT Encoding   

  12  0:00  Probe  
  13  0:12  Probe  
  14  0:16  Pylon  
  14  0:24  Probe (Chrono Boost)  
  15  0:36  Probe (Chrono Boost)  
  15  0:38  Gateway  
  16  0:45  Probe (Chrono Boost)  
  16  0:46  Assimilator  
  17  0:51  Probe  
  18  1:03  Probe  
  19  1:15  Probe  
  20  1:24  Cybernetics Core  
  20  1:27  Probe  
  21  1:34  Nexus  
  21  1:41  Pylon  
  21  1:46  Assimilator  
  21  1:50  Probe  
  22  1:58  Stalker (Chrono Boost)  
  24  2:04  Warp Gate  
  26  2:25  Robotics Facility  
  27  2:35  Stalker  
  32  2:57  Twilight Council  
  36  3:13  Gateway x2  
  36  3:15  Observer (Chrono Boost)  
  39  3:26  Pylon  
  40  3:30  Blink (Chrono Boost)  
  41  3:40  Pylon  
  43  3:52  Assimilator x2  
  43  3:53  Stalker  
  49  4:10  Nexus  
  51  4:25  Stalker x3  
  51  4:28  Observer  
  60  4:39  Robotics Bay  
  60  4:40  Pylon  
  60  4:45  Forge  
  62  4:58  Observer  
  65  5:09  Charge (Chrono Boost)  
  67  5:23  Colossus (Chrono Boost)  
  73  5:31  Gateway x2  
  73  5:37  Gateway  
  73  5:42  Zealot x3  
  79  5:58  Gateway x2  
  79  6:00  Colossus (Chrono Boost)  
  84  6:06  Zealot x3  
  96  6:32  Sentry  
  96  6:38  Sentry  
  102  6:46  Sentry  
  110  6:47  Zealot x3  
  116  7:02  Stalker x3  
Spawning Tool Build Advisor. Get it on Overwolf

Go to:

Details

  • Created by: hushang      
  • Published on: Oct 02, 2020
  • Patch: 4.11.0
  • Difficulty: Easy
Show
View Real Time Build Order
Export as new Build Order

Comments (0)

There are no comments. Be the first!

Create an account to comment!